 Dungeon Crawl Stone Soup version 0.30-a0-1074-g5db6f66fbb (webtiles) character file.

Game seed: 37915830102151358

99 retardedninja the Trooper (level 4, -1/44 HPs)
             Began as a Naga Fighter on Apr 13, 2023.
             Slain by a gnoll
             ... wielding a +0 whip of flaming
              (9 damage)
             ... on level 3 of the Dungeon.
             The game lasted 00:02:01 (1826 turns).

retardedninja the Trooper (Naga Fighter)            Turns: 1826, Time: 00:02:03

Health: -1/44      AC:  5    Str: 20    XL:     4   Next: 72%
Magic:  4/4        EV:  7    Int:  8    God:
Gold:   87         SH:  4    Dex: 11    Spells: 3/3 levels left

rFire   . . .      SeeInvis +    a - +0 war axe
rCold   . . .      Faith    .    c - +0 buckler
rNeg    . . .      Spirit   .    b - +0 scale mail
rPois   +          Reflect  .    (no helmet)
rElec   .          Rampage  .    (no cloak)
rCorr   .                        (no gloves)
Will    .....                    (no barding) Stlth
                                 (no amulet)
HPRegen 0.27/turn                (no ring)
MPRegen 0.09/turn                (no ring)

@: very slow
A: AC +1, large, see invisible, deformed body, poison resistance, slowness 2,
spit poison 1, naga tail 1
a: Spit Poison


You were on level 3 of the Dungeon.
You visited 1 branch of the dungeon, and saw 3 of its levels.

You collected 87 gold pieces.

Inventory:

Hand Weapons
 a - a +0 war axe (weapon)
Armour
 b - a +0 scale mail (worn)
 c - a +0 buckler (worn)
 g - a +0 cloak
Jewellery
 l - a ring of magical power
Wands
 n - a wand of mindburst (1)
Scrolls
 e - a scroll of teleportation {unknown}
 i - a scroll of immolation {unknown}
 j - 3 scrolls of enchant weapon {unknown}
 m - a scroll of amnesia {unknown}
Potions
 d - a potion of might
 f - a potion of degeneration {unknown}
 h - a potion of invisibility {unknown}
 o - 2 potions of attraction {unknown}
 p - a potion of mutation {unknown}
 q - 2 potions of magic {unknown}


   Skills:
 + Level 3.7 Fighting
 + Level 3.0 Axes
 + Level 3.0 Armour
 + Level 3.3 Shields


You had 3 spell levels left.
You didn't know any spells.
Your spell library contained the following spells:

 Spells                   Type           Power      Damage    Failure   Level
 Summon Guardian Golem    Hex/Summ       0%         N/A       99%         3
 Anguish                  Hex/Necr       0%         N/A       100%        4
 Yara's Violent Unravell  Hex/Tmut       0%         3d3       100%        5


Dungeon Overview and Level Annotations

Branches:
Dungeon (3/15)

Altars:
Yredelemnul


Innate Abilities, Weirdness & Mutations

Your serpentine skin is tough. (AC +1)
You have supernaturally acute eyesight. (SInv)
Armour fits poorly on your strangely shaped body.
Your system is resistant to poisons. (rPois)
You cover ground very slowly.
You can spit poison.
You have a snake-like lower body.


Message History

You slash the gnoll! The gnoll hits you with a +0 spear.
Aiming: Mindburst
Press: ? - help, Q - select action, (/) - cycle Shift-Dir - straight line, f - gnoll
Aim: a gnoll, wielding a +0 spear and quivering a throwing net (heavily wounded, chance to affect: 72%)
The gnoll's mind is blasted!
You blow up the gnoll!
The gnoll hits you with a +0 whip of flaming.
The gnoll burns you.
Your Axes skill increases to level 3!
Your Armour skill increases to level 3!
Unknown command.
The gnoll completely misses you.
The gnoll hits you from afar with a +0 halberd!
You see here a +0 leather armour.
Aiming: Mindburst
Press: ? - help, Q - select action, (/) - cycle Shift-Dir - straight line, f - gnoll
Aim: a gnoll, wielding a +0 whip of flaming (chance to affect: 72%)
The gnoll's mind is blasted!
The gnoll hits you from afar with a +0 halberd!
* * * LOW HITPOINT WARNING * * *
You block the gnoll's attack.
It was a potion of curing.
You feel better. You block the gnoll's attack.
The gnoll hits you from afar with a +0 halberd!
* * * LOW HITPOINT WARNING * * *
You feel better.
The gnoll hits you with a +0 whip of flaming.
* * * LOW HITPOINT WARNING * * *
The gnoll burns you.
* * * LOW HITPOINT WARNING * * *
The gnoll hits you from afar with a +0 halberd!
* * * LOW HITPOINT WARNING * * *
You feel better.
The gnoll hits you from afar with a +0 halberd.
* * * LOW HITPOINT WARNING * * *
The gnoll hits you but does no damage.
Aiming: Mindburst
Press: ? - help, Q - select action, (/) - cycle Shift-Dir - straight line, f/p - gnoll
Aim: a gnoll, wielding a +0 whip of flaming (almost dead, chance to affect: 72%)
The gnoll struggles to resist.
The gnoll hits you with a +0 whip of flaming!
You die...

############
#...........
#...........
#...........
####..?.....<..
#..............
#.##...>g...... #.# #g#
#.# #@# #.# #.#
#.#####.######
#............#
#########..#####.....#
#..............+.....#
#.......#.....##.....#
##.......#........#####
#........#.....####


You could see 2 gnolls.

Vanquished Creatures
  2 gnolls (D:3)
  3 adders
  A dart slug (D:3)
  4 orcs (D:3)
  5 endoplasms
  2 giant cockroaches
  6 goblins
  4 hobgoblins
  4 jackals (D:1)
  2 quokkas (D:2)
  3 ball pythons
  4 bats
  2 frilled lizards (D:2)
  A kobold (D:1)
  3 rats
46 creatures vanquished.

Notes
Turn   | Place    | Note
-------+----------+-------------------------------------------
     0 | D:1      | retardedninja the Naga Fighter began the quest for the Orb.
     0 | D:1      | Reached XP level 1. HP: 21/21 MP: 1/1
   123 | D:1      | Reached XP level 2. HP: 23/28 MP: 2/2
   396 | D:1      | Got the Secrets of Charms
   506 | D:1      | Found a faded altar of an unknown god.
   615 | D:1      | Reached XP level 3. HP: 29/34 MP: 3/3
  1420 | D:2      | Identified the +3 leather armour "Hagrosm" {rN+}
  1555 | D:3      | Reached XP level 4. HP: 42/42 MP: 4/4
  1561 | D:3      | Found a basalt altar of Yredelemnul.
  1824 | D:3      | HP: 1/44 [gnoll/+0 halberd (7)]
  1826 | D:3      | Slain by a gnoll

Illustrated notes

Levels and vault maps discovered:
D:1:      matt_arrival_diagonals, layout_basic, chequers_ecumenical_altar_grove
D:2:      layout_rooms, serial_curves, eino_curves_02, eino_curves_01,
          dreamdust_princess_bridge
D:3:      layout_basic, lemuel_round_altar, reono_crystal_passage

Skill      XL: |  1  2  3  4 |
---------------+-------------+-----
Shields        | 3 |  3.3
Axes           | 3 |  3.0
Armour         | 3 |  3.0
Fighting       | |  3.7

Action                     |  1- 3 |  4- 6 || total
---------------------------+-------+-------++-------
  Melee: War axe           |    93 |    33 ||   126
  Evoke: Wand              |       |     3 ||     3
    Use: Potion            |       |     3 ||     3
 Armour: Scale mail        |    34 |    25 ||    59
  Dodge: Dodged            |    36 |     8 ||    44
  Block: Buckler           |    17 |     9 ||    26

Table legend: (Time is in decaauts)
 A = Elapsed time spent in this place.
 B = Non-inter-level travel time spent in this place.
 C = Inter-level travel time spent in this place.
 D = Time resting spent in this place.
 E = Time spent auto-exploring this place.
 F = Levels seen in this place.
 G = Mean time per level.
                   A        B        C        D        E       F      G
               +--------+--------+--------+--------+--------+-----+--------+
         Total |   2424 |   2380 |     44 |      0 |   2030 |   3 |  808.0 |
       Dungeon |   2424 |   2380 |     44 |      0 |   2030 |   3 |  808.0 |
               +--------+--------+--------+--------+--------+-----+--------+

Top non-repeatable levels by time:
     D:1: 1301 daAuts
     D:2: 769 daAuts
     D:3: 352 daAuts
